 Dungeon Crawl Stone Soup version 0.31-a0-931-g7b59d4eb97 (webtiles) character file.

Game seed: 313867636665947493

49 RogueRain17 the Slasher (level 3, -7/27 HPs)
             Began as a Demonspawn Gladiator on Oct 19, 2023.
             Mangled by a worm (10 damage)
             ... on level 2 of the Dungeon.
             The game lasted 00:02:49 (924 turns).

RogueRain17 the Slasher (Demonspawn Gladiator)       Turns: 924, Time: 00:02:50

Health: -7/27      AC:  4    Str: 16    XL:     3   Next: 51%
Magic:  3/3        EV: 12    Int:  9    God:
Gold:   101        SH:  0    Dex: 14    Spells: 2/2 levels left

rFire   . . .        a - +0 long sword
rCold   . . .        (no shield)
rNeg    . . .        b - +0 leather armour
rPois   .            c - +0 helmet
rElec   .            (no cloak)
rCorr   .            (no gloves)
SInv    .            (no boots)
Will    .....        (no amulet)
Stlth   +            (no ring)
HPRegen 0.24/turn    (no ring)
MPRegen 0.08/turn

%: no passive effects
@: no status effects
A: weakness stinger 1
a: no special abilities


You were on level 2 of the Dungeon.
You visited 1 branch of the dungeon, and saw 2 of its levels.

You collected 101 gold pieces.

Inventory:

Hand Weapons
 a - a +0 long sword (weapon)
Missiles
 d - 3 throwing nets (quivered)
 e - a javelin
 h - 7 boomerangs
Armour
 b - a +0 leather armour (worn)
 c - a +0 helmet (worn)
Scrolls
 j - a scroll of vulnerability {unknown}
 k - 2 scrolls of identify {unknown}
 l - a scroll of blinking {unknown}
 m - a scroll of immolation {unknown}
 n - a scroll of poison {unknown}
Potions
 f - a potion of attraction {unknown}
 g - a potion of mutation {unknown}
 i - a potion of curing {unknown}
 o - a potion of brilliance {unknown}


   Skills:
 + Level 2.3 Fighting
 + Level 3.4 Long Blades
 + Level 1.8 Throwing
 + Level 0.3 Armour
 + Level 3.2 Dodging


You had 2 spell levels left.
You didn't know any spells.
Your spell library was empty.

Dungeon Overview and Level Annotations

Branches:
Dungeon (2/15)

Altars:

Shops:
D:1 *


Innate Abilities, Weirdness & Mutations

You have a small tail.


Message History

The adder closely misses you.
You closely miss the adder. You tail-slap the adder.
The adder is almost dead.
The adder bites you. The adder closely misses you.
You hit the adder.
You kill the adder!
You now have 101 gold pieces (gained 17).
You see here a +0 club.
A worm is nearby!
You barely miss the worm. You barely miss the worm. You tail-slap the worm.
The worm is moderately wounded.
The worm bites you.
You hit the worm.
The worm is heavily wounded.
The worm bites you!
You hit the worm but do no damage.
The worm is moderately wounded.
You hit the worm but do no damage.
The worm is moderately wounded.
The worm bites you but does no damage.
You barely miss the worm.
You tail-slap the worm, but do no damage.
The worm is moderately wounded.
The worm closely misses you.
You hit the worm. You tail-slap the worm.
The worm is heavily wounded.
The worm bites you!
* * * LOW HITPOINT WARNING * * *
You are too injured to fight recklessly!
You hit the worm.
The worm is heavily wounded.
You hit the worm but do no damage.
The worm is heavily wounded.
The worm bites you.
* * * LOW HITPOINT WARNING * * *
You hit the worm.
The worm is severely wounded.
The worm bites you!
You die...

#.......#.........
#.......#.........
#.......##.###....
###.########.###.##.
#.......# #...>...(
#.).....############
#..........bw.....#
#.......#########.#
#..@.<..##......#.##
#..w....##.####.....
#.......# #<.#.....
#.?.....# #........
#.......# #####....
#..(....##..........
#........########....
#........# #....
#...###### .....


You could see a worm.

Vanquished Creatures
  2 adders (D:2)
  6 endoplasms
  2 giant cockroaches
  3 goblins (D:1)
  3 hobgoblins
  2 ball pythons
  3 bats
  A frilled lizard (D:1)
  2 kobolds (D:2)
  6 rats
30 creatures vanquished.

Notes
Turn   | Place    | Note
-------+----------+-------------------------------------------
     0 | D:1      | RogueRain17 the Demonspawn Gladiator began the quest for
                  | the Orb.
     0 | D:1      | Reached XP level 1. HP: 16/16 MP: 1/1
   137 | D:1      | Found Qellel's Assorted Antiques.
   140 | D:1      | Gained mutation: You have a small tail. [demonic ancestry]
   140 | D:1      | Reached XP level 2. HP: 22/22 MP: 2/2
   620 | D:2      | Reached XP level 3. HP: 12/27 MP: 3/3
   924 | D:2      | Mangled by a worm

Illustrated notes

Levels and vault maps discovered:
D:1:      mrwooster_arrival_statue_3, layout_rooms, serial_glass,
          glass_columns_a, glass_columns_b, serial_shops, shop, st_stairs_12,
          supply_closet_lemuel
D:2:      layout_basic, dreamdust_ecumenical_altar_angels_and_demons,
          grunt_ministairs_10

Skill      XL: |  1  2 |
---------------+-------+-----
Dodging        | 3 |  3.2
Long Blades    | 3 |  3.4
Fighting       | |  2.3
Throwing       | |  1.8
Armour         | |  0.3

Action                     || total
---------------------------++-------
  Melee: Long sword        ||    82
         Tailslap          ||    12
   Stab: Sleeping          ||     2
 Armour: Leather armour    ||    62
  Dodge: Dodged            ||    62

Table legend: (Time is in decaauts)
 A = Elapsed time spent in this place.
 B = Non-inter-level travel time spent in this place.
 C = Inter-level travel time spent in this place.
 D = Time resting spent in this place.
 E = Time spent auto-exploring this place.
 F = Levels seen in this place.
 G = Mean time per level.
                   A        B        C        D        E       F      G
               +--------+--------+--------+--------+--------+-----+--------+
         Total |    943 |    889 |     54 |     57 |    581 |   2 |  471.5 |
       Dungeon |    943 |    889 |     54 |     57 |    581 |   2 |  471.5 |
               +--------+--------+--------+--------+--------+-----+--------+

Top non-repeatable levels by time:
     D:1: 528 daAuts
     D:2: 415 daAuts
